 Dungeon Crawl Stone Soup version 0.29-a0-298-g3c90f9a769 (webtiles) character file.

Game seed: 15193052322141601496

175 Dabor the Magician (level 5, -4/28 HPs)
             Began as a Deep Elf Venom Mage on Mar 23, 2022.
             Was a Believer of Ignis.
             Blown up by Ijyb (8 damage)
             ... with a mindburst bolt
             ... on level 3 of the Dungeon.
             The game lasted 00:04:57 (3978 turns).

Dabor the Magician (Deep Elf Venom Mage)            Turns: 3978, Time: 00:04:57

Health: -4/28      AC:  2    Str:  5    XL:     5   Next: 29%
Magic:  12/13      EV: 13    Int: 22    God:    Ignis [**....]
Gold:   191        SH:  0    Dex: 15    Spells: 6/12 levels left

rFire   + . .      SeeInvis .   (no weapon)
rCold   . . .      Faith    .   (no shield)
rNeg    . . .      Spirit   .   a - +0 robe
rPois   .          Reflect  .   (no helmet)
rElec   .          Harm     .   (no cloak)
rCorr   .          Rampage  .   (no gloves)
Will    .....                   (no boots)
Stlth   ++........              (no amulet)
HPRegen 0.09/turn               (no ring)
MPRegen 0.13/turn               (no ring)

@: no status effects
A: no striking features
a: Renounce Religion, Fiery Armour, Foxfire Swarm


You were on level 3 of the Dungeon.
You worshipped Ignis.
Ignis was pleased with you.
You visited 1 branch of the dungeon, and saw 6 of its levels.

You collected 191 gold pieces.

Inventory:

Missiles
 h - a throwing net
Armour
 a - a +0 robe (worn)
Jewellery
 k - a +4 ring of slaying
Scrolls
 d - a scroll of immolation
 f - 2 scrolls of teleportation
 g - 5 scrolls of identify
 l - a scroll of fear
Potions
 b - a potion of magic
 c - a potion of heal wounds {unknown}
 e - a potion of curing
 i - a potion of lignification {unknown}
 j - a potion of mutation {unknown}


   Skills:
 + Level 3.5 Dodging
 + Level 3.7 Stealth
 + Level 4.1 Spellcasting
 + Level 1.0 Conjurations
 + Level 2.4 Transmutations
 + Level 1.2 Air Magic
 + Level 4.0 Poison Magic


You had 6 spell levels left.
You knew the following spells:

 Your Spells              Type           Power      Damage    Failure   Level
a - Sting                 Tmut/Pois      72%        1d6       3%          1
b - Poisonous Vapours     Pois/Air       32%        N/A       6%          2
c - Mephitic Cloud        Conj/Pois/Air  13%        N/A       14%         3

Your spell library contained the following spells:

 Spells                   Type           Power      Damage    Failure   Level
 Static Discharge         Conj/Air       9%         N/A       11%         2
 Scorch                   Fire           8%         2d5       17%         2
 Olgreb's Toxic Radiance  Pois           22%        N/A       22%         4
 Flame Wave               Conj/Fire      6%         2d5       65%         4
 Sticky Flame             Conj/Fire      6%         2d3       65%         4
 Dispel Undead            Necr           4%         3d7       73%         4
 Summon Cactus Giant      Summ           2%         N/A       100%        6


Dungeon Overview and Level Annotations

Branches:
Dungeon (6/15)
 Temple: D:4-7

Altars:
Ignis

Annotations:
D:3 Ijyb


Message History

A rat is nearby!
You closely miss the rat. The rat bites you.
The sting hits the rat.
The rat is poisoned.
You kill the rat!
You see here a +0 hunting sling.
Ijyb the Twisted Goblin comes into view.
She is wielding a +0 club and carrying a wand of mindburst (17).
Found a scroll labelled LUUJACVUTICK.
The sting hits Ijyb but does no damage.
Ijyb is poisoned.
Ijyb hits you with a +0 club.
Ijyb is nearby!
You barely miss Ijyb. Ijyb barely misses you.
The sting hits Ijyb but does no damage.
Ijyb looks even sicker.
Ijyb is lightly wounded.
Ijyb misses you.
Ijyb is nearby!
You hit Ijyb but do no damage.
Ijyb zaps a wand.
Your mind is blasted!
Ouch! That really hurt!
* * * LOW HITPOINT WARNING * * *
You are too injured to fight recklessly!
You are too injured to fight recklessly!
Ijyb is nearby!
You are too injured to fight recklessly!
You are too injured to fight recklessly!
Ijyb is nearby!
You are too injured to fight recklessly!
Activating: Foxfire Swarm
Press: ? - help, Dir - look around, f - activate Flames leap up around you!
Ijyb barely misses you.
Your foxfire dissipates!
The foxfire hits Ijyb but does no damage.
Ijyb is lightly wounded.
The foxfire hits Ijyb.
Ijyb is moderately wounded.
Your foxfire dissipates!
Activating: Foxfire Swarm
Press: ? - help, Dir - look around, f - activate Flames leap up around you!
Ijyb screams, "Me stronger than you!"
Ijyb zaps a wand.
Your mind is blasted!
You die...

#...##..# ##.##..##.
#..##.##.# ####...#..#.#
#.......##..) ########
#.####....###
.#....vv####.####......#
?...####g##......#..#...#
. .. #@##.#.##.#.......
#.##v##.#.##.#.<.....
.#.#..vvv..#............
........#########.....##
#.####### #.....# ###.###
#.# #.#### ###.#...


You could see Ijyb (poisoned, ally target).

Vanquished Creatures
  A hound (D:6)
  An iguana (D:6)
  An adder (D:3)
  4 gnolls (D:3)
  A worm (D:2)
  A dart slug (D:1)
  An orc (D:3)
  6 bats
  6 endoplasms
  5 giant cockroaches
  5 goblins
  6 hobgoblins
  A jackal (D:3)
  3 quokkas (D:2)
  5 ball pythons
  4 frilled lizards
  8 kobolds
  5 rats
64 creatures vanquished.

Vanquished Creatures (others)
  19 foxfires (D:3)
19 creatures vanquished.

Grand Total: 83 creatures vanquished

Notes
Turn   | Place    | Note
-------+----------+-------------------------------------------
     0 | D:1      | Dabor the Deep Elf Venom Mage began the quest for the Orb.
     0 | D:1      | Reached XP level 1. HP: 10/10 MP: 6/6
   251 | D:1      | Reached XP level 2. HP: 15/15 MP: 4/8
  1117 | D:2      | Reached XP level 3. HP: 12/19 MP: 4/9
  1917 | D:2      | Found a faded altar of an unknown god.
  1928 | D:2      | Prayed at the altar of an unknown god.
  1928 | D:2      | Became a worshipper of Ignis, the Dying Flame
  2475 | D:3      | Learned a level 2 spell: Poisonous Vapours
  2479 | D:3      | Learned a level 3 spell: Mephitic Cloud
  2533 | D:3      | You fall into a shaft and drop 3 floors!
  2552 | D:6      | Reached XP level 4. HP: 24/24 MP: 4/11
  2772 | D:6      | Noticed a yak
  2772 | D:6      | Noticed a yak
  2772 | D:6      | Noticed a yak
  2772 | D:6      | Noticed a yak
  2809 | D:6      | Noticed a bullfrog
  2812 | D:5      | Entered Level 5 of the Dungeon
  2849 | D:5      | Noticed a sky beast
  2853 | D:5      | Noticed a phantom
  3161 | D:4      | Noticed a necrophage
  3181 | D:3      | Reached skill level 1 in Air Magic
  3185 | D:3      | Reached skill level 1 in Conjurations
  3185 | D:3      | Reached XP level 5. HP: 10/28 MP: 2/13
  3969 | D:3      | Noticed Ijyb
  3978 | D:3      | Blown up by Ijyb

Illustrated notes

Levels and vault maps discovered:
D:1:      psy_arrival_radial01, layout_basic, minivault_19
D:2:      layout_loops_ring, shapermc_ecumenical_altar_notcrosses
D:3:      layout_loops_cross, minmay_pentomino_pile, uniq_ijyb
D:4:      layout_basic
D:5:      layout_loops_ring, mainiacjoe_overflow_alcove_3,
          nicolae_ossuary_entry_ruins, serial_shops, shop_fountains,
          uniq_grinder
D:6:      layout_loops_corners, lemuel_temple_firewalk_a, serial_rivers,
          chequers_serial_rivers_micro_d, chequers_serial_rivers_small_b,
          chequers_serial_rivers_micro_a, chequers_serial_rivers_micro_d,
          kennysheep_generic_room_9

Skill      XL: |  1  2  3  4 |
---------------+-------------+-----
Stealth        | 3 |  3.7
Dodging        | 3 |  3.5
Transmutations | 2 |  2.4
Spellcasting   | 4 |  4.1
Air Magic      | 1 |  1.2
Conjurations   | 1 |  1.0
Poison Magic   | 4 |  4.0

Action                   |  1- 3 |  4- 6 || total
-------------------------+-------+-------++-------
Melee: Unarmed           |    18 |    11 ||    29
 Cast: Sting             |   100 |    44 ||   144
       Mephitic Cloud    |       |     3 ||     3
       Poisonous Vapours |       |     1 ||     1
Invok: Foxfire Swarm     |       |     4 ||     4
       Fiery Armour      |       |     2 ||     2
       Rising Flame      |       |     1 ||     1
  Use: Scroll            |       |     5 ||     5
       Potion            |       |     1 ||     1
 Stab: Sleeping          |     1 |       ||     1
Armor: Robe              |    12 |     7 ||    19
Dodge: Dodged            |    28 |    31 ||    59

Table legend: (Time is in decaauts)
 A = Elapsed time spent in this place.
 B = Non-inter-level travel time spent in this place.
 C = Inter-level travel time spent in this place.
 D = Time resting spent in this place.
 E = Time spent auto-exploring this place.
 F = Levels seen in this place.
 G = Mean time per level.
                   A        B        C        D        E       F      G
               +--------+--------+--------+--------+--------+-----+--------+
         Total |   3980 |   3916 |     64 |      2 |   3403 |   6 |  663.3 |
       Dungeon |   3980 |   3916 |     64 |      2 |   3403 |   6 |  663.3 |
               +--------+--------+--------+--------+--------+-----+--------+

Top non-repeatable levels by time:
     D:2: 1309 daAuts
     D:1: 1112 daAuts
     D:3: 914 daAuts
     D:4: 322 daAuts
     D:6: 278 daAuts
     D:5: 42 daAuts
